 Dungeon Crawl Stone Soup version 0.25-a0-635-g0c6c292ef3 (webtiles) character file.

Game seed: 16906235416304151468, levelgen mode: deterministic

4848 BattleRest the Cleaver (level 10, -3/91 HPs)
             Began as a Hill Orc Fighter on Mar 20, 2020.
             Was a Believer of Okawaru.
             Slain by a komodo dragon (22 damage)
             ... on level 9 of the Dungeon.
             The game lasted 00:35:51 (8690 turns).

BattleRest the Cleaver (Hill Orc Fighter)           Turns: 8690, Time: 00:35:52

Health: -3/91      AC: 23    Str: 23    XL:     10   Next: 49%
Magic:  12/14      EV:  9    Int:  8    God:    Okawaru [**....]
Gold:   467        SH:  0    Dex: 10    Spells: 12/15 levels left

rFire    . . .     SeeInvis +   j - +2 executioner's axe (flame)
rCold    . . .     Gourm    .   (shield currently unavailable)
rNeg     . . .     Faith    .   F - +4 plate armour
rPois    .         Spirit   .   x - +0 helmet
rElec    .         Reflect  .   (no cloak)
rCorr    .         Harm     .   (no gloves)
MR       .....                  (no boots)
Stlth    ..........             p - amulet of regeneration
HPRegen  0.65/turn              e - ring of see invisible
MPRegen  0.14/turn              v - +2 ring of protection

@: heroism
A: no striking features
a: Heroism, Renounce Religion


You were on level 9 of the Dungeon.
You worshipped Okawaru.
Okawaru was pleased with you.
You were not hungry.

You visited 2 branches of the dungeon, and saw 10 of its levels.

You collected 467 gold pieces.

Inventory:

Hand Weapons
 j - a +2 executioner's axe of flaming (weapon)
Armour
 x - a +0 helmet (worn)
 B - +0 fire dragon scales
 F - a +4 plate armour (worn)
Jewellery
 e - a ring of see invisible (left hand)
 p - an amulet of regeneration (around neck)
 v - a +2 ring of protection (right hand)
 z - an uncursed ring of flight {unknown}
 A - an uncursed ring of protection from cold
Wands
 C - a wand of clouds (5)
Scrolls
 h - 4 scrolls of teleportation
 i - a scroll of enchant armour {unknown}
 m - 3 scrolls of remove curse
 n - a scroll of fog
 q - a scroll of amnesia {unknown}
 r - a scroll of fear {unknown}
 s - a scroll of immolation
 D - a scroll of noise {unknown}
Potions
 b - 2 potions of curing {unknown}
 d - a potion of might
 g - a potion of brilliance
 k - a potion of berserk rage
 l - 2 potions of flight {unknown}
Comestibles
 a - a chunk of flesh
 f - 12 rations


   Skills:
 + Level 9.1(14.1) Fighting
 + Level 10.0(15.0) Axes
 + Level 8.4(13.4) Armour
 - Level 0.3(5.3) Dodging
   Level 7.8(12.8) Shields
 - Level 3.0 Spellcasting
 + Level 3.6 Hexes


You had 12 spell levels left.
You knew the following spells:

 Your Spells              Type           Power        Failure   Level  Hunger
a - Confusing Touch       Hex            #.......     90%         3    ####...

Your spell library contained the following spells:

 Spells                   Type           Power        Failure   Level  Hunger
 Gell's Gravitas          Tloc           #.........   100%        3    ####...
 Petrify                  Tmut/Erth      #.......     100%        4    #####..
 Metabolic Englaciation   Hex/Ice        #.........   100%        5    ######.
 Yara's Violent Unravell  Hex/Tmut       #.........   100%        5    ######.


Dungeon Overview and Level Annotations

Branches:
Dungeon (9/15)             Temple (1/1) D:6            Lair (0/6) D:9
    Orc: D:9-12

Altars:
Ashenzari
Cheibriados
Fedhas
Gozag
Kikubaaqudgha
Makhleb
Okawaru
Ru
Sif Muna
Uskayaw
Vehumet
Wu Jian
Xom
Yredelemnul
Zin
The Shining One


Message History

The komodo dragon completely misses you.
You hit the komodo dragon. You burn the komodo dragon.
The komodo dragon is lightly wounded.
The komodo dragon bites you.
Your plate armour prevents you from hitting the komodo dragon.
The komodo dragon is lightly wounded.
The komodo dragon bites you but does no damage. x2
You gain the combat prowess of a mighty hero.
The komodo dragon barely misses you.
You barely miss the komodo dragon.
The komodo dragon is lightly wounded.
The komodo dragon bites you.
You hit the komodo dragon. You burn the komodo dragon.
The komodo dragon is moderately wounded.
The komodo dragon bites you!
* * * LOW HITPOINT WARNING * * *
You completely miss the komodo dragon.
The komodo dragon is moderately wounded.
The komodo dragon bites you!!
You die...

#..................)......
##........................
##.......................
##.................
##................
##...............
########...§§...
#...#...§≈§§≈
+@..#....≈≈≈≈
#.l.#...§≈≈≈§ ###
##'##...§§§§§ #?.
#...#....§§§≈ +..
#...#........ #}.
#...#........
######'##.#######
#..÷#...#(# #...).).(.#


You could see a komodo dragon.

Vanquished Creatures
  A centaur warrior (D:9)
  An efreet (D:9)
  A troll (D:7)
  A hippogriff (D:9)
  3 wyverns
  A yak (D:8)
  An ice beast (D:6)
  An orc warrior (D:9)
  A sky beast (D:5)
  6 ogres
  A black bear (D:8)
  3 phantoms
  4 centaurs
  3 bullfrogs
  A wyvern zombie (D:6)
  A scorpion (D:9)
  6 howler monkeys
  A lava snake (D:9)
  2 orc priests
  4 hounds
  3 iguanas
  Jessica (D:2)
  5 orc wizards
  6 worker ants
  2 hound skeletons
  A worker ant zombie (D:6)
  4 gnolls (D:4)
  A howler monkey skeleton (D:7)
  19 adders
  A shadow imp (D:6)
  An ooze (D:5)
  An adder skeleton (D:8)
  2 worms (D:3)
  4 dart slugs
  8 leopard geckos
  22 orcs
  3 ball pythons
  5 giant cockroaches
  8 goblins
  7 hobgoblins
  19 jackals
  4 quokkas
  6 bats
  4 frilled lizards
  8 kobolds
  2 leopard gecko zombies
  A quokka zombie (D:7)
  10 rats
  3 fungi (D:9)
204 creatures vanquished.

Vanquished Creatures (others)
  A bullfrog (D:9)
1 creature vanquished.

Grand Total: 205 creatures vanquished

Notes
Turn   | Place    | Note
-------+----------+-------------------------------------------
     0 | D:1      | BattleRest the Hill Orc Fighter began the quest for the
                  | Orb.
     0 | D:1      | Reached XP level 1. HP: 19/19 MP: 1/1
   100 | D:1      | Reached XP level 2. HP: 19/27 MP: 2/2
   129 | D:1      | Reached skill level 3 in Axes
   541 | D:1      | Reached XP level 3. HP: 28/33 MP: 3/3
  1064 | D:2      | Found an opulent altar of Gozag.
  1068 | D:2      | Found a hide-covered altar of Uskayaw.
  1073 | D:2      | Found a radiant altar of Vehumet.
  1133 | D:2      | Noticed Jessica
  1142 | D:2      | Killed Jessica
  1142 | D:2      | Reached skill level 4 in Axes
  1142 | D:2      | Reached XP level 4. HP: 28/40 MP: 4/4
  1500 | D:2      | Reached XP level 5. HP: 44/46 MP: 5/5
  2078 | D:3      | Reached skill level 5 in Axes
  2080 | D:3      | Noticed an ogre
  2840 | D:3      | Reached XP level 6. HP: 52/53 MP: 6/6
  2905 | D:3      | Reached skill level 5 in Fighting
  3093 | D:3      | Reached skill level 5 in Armour
  3093 | D:3      | Reached XP level 7. HP: 46/61 MP: 7/7
  3114 | D:4      | Reached skill level 6 in Axes
  3542 | D:4      | Reached skill level 5 in Shields
  3689 | D:4      | Learned a level 3 spell: Confusing Touch
  4194 | D:5      | Entered Level 5 of the Dungeon
  4215 | D:5      | Reached XP level 8. HP: 61/70 MP: 7/9
  4265 | D:5      | Reached skill level 1 in Spellcasting
  4274 | D:5      | Reached skill level 7 in Axes
  5724 | D:6      | Reached XP level 9. HP: 67/79 MP: 12/12
  5836 | D:6      | Found a staircase to the Ecumenical Temple.
  5843 | Temple   | Entered the Ecumenical Temple
  5920 | Temple   | Became a worshipper of Warmaster Okawaru
  6250 | D:6      | Reached skill level 8 in Axes
  6596 | D:7      | Noticed a troll
  6623 | D:7      | Killed a troll
  6623 | D:7      | Reached * piety under Okawaru
  6848 | D:7      | Found a sacrificial altar of Ru.
  7256 | D:8      | Found a shimmering blue altar of Sif Muna.
  7466 | D:7      | Reached skill level 1 in Hexes
  7555 | D:8      | Reached skill level 9 in Axes
  8300 | D:9      | Reached XP level 10. HP: 67/90 MP: 14/14
  8390 | D:9      | Found a staircase to the Lair.
  8462 | D:9      | Reached ** piety under Okawaru
  8503 | D:9      | Identified a scroll of acquirement
  8549 | D:9      | Noticed a centaur warrior
  8558 | D:9      | Killed a centaur warrior
  8574 | D:9      | Reached skill level 10 in Axes
  8665 | D:9      | Noticed a frost giant
  8690 | D:9      | Slain by a komodo dragon

Levels and vault maps discovered:
D:1:      dpeg_arrival_three_bigger_balls, layout_basic, minmay_pentomino_t4
D:2:      layout_loops_corners, minmay_overflow_temple_star_quad, first_ration,
          minmay_quadrilaterals, uniq_jessica
D:3:      layout_basic, serial_corexii_hall, corexii_hall_statues_i,
          chequers_hall_statues_corner_a
D:4:      layout_basic
D:5:      layout_layer_cave
D:6:      layout_loops_ring, minmay_temple_entry_trees
D:7:      layout_loops_ring, basic_altar
D:8:      layout_gridville, old_standard_altar
D:9:      layout_big_octagon, grunt_lair_entry_orc_guard_hut,
          ebering_ghost_rock_garden, blue_anna_alchemist
          [blue_anna_fruit_fields, blue_anna_fruit_fields], nrook_loot_triangle,
          minmay_evil_grid
Temple:   dpeg_five_rooms_temple

Skill      XL: |  1  2  3  4  5  6  7  8  9 10 |
---------------+-------------------------------+-----
Axes           | 3 4 5 6 7 9 10 | 10.0
Fighting       | 4 5 6 7 8 9 |  9.1
Armour         | 4 5 6 7 8 |  8.4
Shields        | 4 5 6 7 |  7.8
Spellcasting   | 2 3 |  3.0
Hexes          | 2 3 |  3.6
Dodging        | |  0.3

Action                   |  1- 3 |  4- 6 |  7- 9 | 10-12 || total
-------------------------+-------+-------+-------+-------++-------
Melee: War axe           |   126 |   149 |   483 |    61 ||   819
       Executioner's axe |       |       |       |    21 ||    21
Invok: Heroism           |       |       |     1 |     2 ||     3
  Use: Scroll            |       |     2 |     9 |     4 ||    15
  Eat: Chunk             |       |     7 |    13 |     3 ||    23
       Ration            |       |       |     1 |       ||     1
Armor: Scale mail        |    59 |    70 |    61 |       ||   190
       Chain mail        |       |       |   165 |    28 ||   193
       Plate armour      |       |       |       |    21 ||    21
Dodge: Dodged            |    56 |    48 |   108 |    22 ||   234
Block: Kite shield       |    72 |    72 |   257 |    42 ||   443

Table legend:
 A = Non-vault XP
 B = Vault XP
 C = Vault XP percentage of total XP
 D = Non-vault monster count
 E = Vault monster count
 F = Vault count percentage of total count
                 A         B        C        D         E       F
            +---------+---------+-------+---------+---------+-------
      Total |    4946 |    1981 |  28.6 |     183 |      18 |   9.0
            +---------+---------+-------+---------+---------+-------
        D:1 |      57 |       5 |   8.1 |      29 |       4 |  12.1
        D:2 |      69 |      44 |  38.9 |      18 |       6 |  25.0
        D:3 |     450 |       0 |   0.0 |      28 |       0 |   0.0
        D:4 |     550 |       0 |   0.0 |      28 |       0 |   0.0
        D:5 |     682 |       0 |   0.0 |      16 |       0 |   0.0
        D:6 |     660 |       0 |   0.0 |      19 |       0 |   0.0
        D:7 |    1497 |       0 |   0.0 |      27 |       0 |   0.0
        D:8 |     554 |     326 |  37.0 |      10 |       2 |  16.7
        D:9 |     427 |    1606 |  79.0 |       8 |       6 |  42.9
            +---------+---------+-------+---------+---------+-------
